Map: Gresvan LE

Players

Midnight

  • Race: Terran Terran
  • League: Diamond
  • Spawn Location: 11:00

TerranYOUup - Winner!

  • Race: Terran Terran
  • League: Diamond
  • Spawn Location: 5:00

VOD

Have the link to the VOD?

Description

Time

  • Played on: March 2, 2023, 3:17 p.m.
  • Length: 24:45
Show
View Real Time Build Order
Export as new Build Order

Midnight Terran 

Build Orders: 1/1/1, Liberator Opening 

Get SALT Encoding   

  12  0:01  SCV  
  13  0:13  SCV  
  14  0:17  Supply Depot  
  14  0:26  SCV  
  15  0:39  SCV  
  15  0:41  Barracks  
  16  0:45  Refinery  
  16  0:51  SCV  
  16  0:53  Refinery  
  17  1:03  SCV  
  18  1:15  SCV  
  19  1:28  Orbital Command, Barracks Reactor  
  19  1:30  Supply Depot  
  19  1:42  Factory  
  19  1:54  SCV  
  20  2:04  Reaper x2  
  20  2:06  SCV  
  23  2:09  Supply Depot  
  23  2:18  SCV  
  24  2:26  Hellion  
  24  2:27  Starport  
  26  2:30  SCV  
  26  2:36  Reaper x2  
  29  2:47  Hellion  
  30  3:09  Reaper, Medivac  
  33  3:14  Hellion  
  33  3:15  Command Center  
  35  3:20  Supply Depot  
  35  3:22  SCV  
  35  3:26  Reaper  
  37  3:35  SCV  
  38  3:41  Hellion  
  38  3:49  Liberator  
  38  3:51  Reaper  
  38  3:52  SCV  
  42  4:13  Reaper, Hellion  
  41  4:27  Orbital Command  
  41  4:30  Command Center  
  41  4:33  Starport Tech Lab  
  42  4:38  SCV  
  42  4:40  Factory Tech Lab  
  42  4:47  Marine x2  
  42  4:50  SCV  
  45  4:53  SCV  
  45  4:59  Cyclone  
  51  5:00  Raven  
  51  5:03  SCV  
  51  5:05  Marine x2  
  49  5:24  Marine x2  
  49  5:25  SCV  
  49  5:26  SCV  
  48  5:31  Siege Tank  
  49  5:38  SCV x2  
  49  5:42  Barracks  
  51  5:44  Orbital Command  
  51  5:47  Barracks  
  51  5:50  SCV  
  51  5:56  Starport Reactor  
  51  5:57  Marine x2  
  51  6:06  Siege Tank  
  51  6:10  SCV x2, Engineering Bay  
  56  6:11  SCV  
  56  6:13  Refinery, Engineering Bay  
  56  6:17  Refinery  
  57  6:22  SCV x2  
  57  6:25  Barracks  
  59  6:26  SCV  
  59  6:30  Barracks  
  60  6:34  SCV x2  
  60  6:35  Marine x2, Supply Depot, Medivac  
  60  6:36  Barracks Tech Lab  
  60  6:37  Concussive Shells  
  66  6:41  Marauder  
  66  6:44  SCV  
  66  6:46  SCV  
  70  6:50  Siege Tank  
  73  6:56  SCV x2  
  75  7:02  Marauder, Terran Infantry Weapons Level 1  
  75  7:04  Marine  
  75  7:05  Marine x2  
  80  7:10  Stimpack  
  67  7:24  Marauder, Barracks Tech Lab  
  67  7:25  Barracks Tech Lab  
  69  7:32  Marauder  
  69  7:35  Marine x2  
  69  7:37  Siege Tank  
  76  7:38  SCV  
  76  7:41  Orbital Command  
  77  7:45  Marauder  
  77  7:46  Command Center  
  79  7:56  Marine x2, Marauder x2  
  79  7:57  Combat Shield  
  85  8:00  Terran Infantry Armor Level 1  
  85  8:19  Viking x2, SCV x3  
  92  8:22  Supply Depot  
  92  8:23  Supply Depot x2  
  92  8:32  SCV x3, Armory  
  93  8:38  Refinery  
  93  8:43  Marine x2, Marauder x3  
  93  8:44  Siege Tank, SCV x3  
  107  8:50  Supply Depot  
  107  8:55  Supply Depot  
  107  8:56  Supply Depot, SCV x2  
  107  9:01  Medivac x2  
  107  9:02  SCV x2  
  115  9:06  Refinery  
  115  9:08  SCV  
  116  9:12  Marine x3, Marauder x2  
  116  9:13  Marauder  
  116  9:14  SCV x2  
  127  9:20  Terran Infantry Weapons Level 2  
  127  9:29  SCV  
  127  9:30  Marauder  
  130  9:34  Marauder  
  130  9:37  Marine  
  130  9:38  Marauder  
  135  9:45  Viking x2  
  138  9:47  SCV  
  138  9:50  Starport  
  139  9:53  Terran Ship Weapons Level 1, SCV x2  
  141  10:03  Marine, Marauder x3  
  148  10:09  Marine  
  148  10:10  Marauder  
  148  10:12  SCV  
  152  10:14  Planetary Fortress  
  152  10:16  Missile Turret, SCV  
  152  10:17  Command Center  
  152  10:20  Missile Turret, SCV  
  152  10:21  Marine  
  155  10:24  Supply Depot, SCV  
  155  10:25  Supply Depot  
  155  10:27  Marauder  
  158  10:31  Terran Infantry Armor Level 2  
  158  10:33  SCV  
  159  10:37  Starport Reactor  
  159  10:39  Supply Depot  
  159  10:40  Supply Depot  
  159  10:50  Viking x2  
  159  10:53  SCV x4, Armory  
  159  10:55  Siege Tank  
  170  10:59  Marauder  
  172  11:05  SCV  
  172  11:08  Refinery x2  
  172  11:23  Viking x2, Marauder  
  172  11:24  Viking x2  
  182  11:27  SCV x3  
  182  11:28  SCV  
  186  11:40  Missile Turret  
  186  11:42  Siege Tank  
  186  11:44  SCV  
  186  11:45  Factory, SCV  
  191  11:47  Terran Vehicle And Ship Armor Level 1  
  191  11:48  Terran Vehicle Weapons Level 1  
  191  11:50  Terran Infantry Weapons Level 3  
  191  11:53  Marine x2, Marauder x2  
  191  11:54  Marauder  
  199  12:02  Missile Turret  
  199  12:03  Planetary Fortress  
  199  12:05  SCV  
  200  12:10  Missile Turret  
  200  12:11  Missile Turret  
  200  12:30  Factory Tech Lab  
  198  12:50  Marine  
  171  12:51  Marine, Marauder  
  171  12:52  Marine, Marauder x2  
  171  12:53  Viking x4, Siege Tank x2  
  155  13:08  Marine  
  155  13:09  Marine  
  155  13:10  Marauder  
  155  13:12  Marauder  
  161  13:13  Marauder  
  161  13:14  Marauder  
  165  13:26  Command Center, Marine  
  166  13:37  Marine x2, Marauder x3  
  166  13:38  Siege Tank x2, Sensor Tower  
  166  13:39  Viking x4  
  188  13:45  Missile Turret  
  188  13:46  Factory  
  188  13:47  Factory  
  188  13:52  Marine  
  188  13:54  Marine  
  192  13:55  Marauder  
  192  13:59  Marauder x2  
  196  14:09  Viking x2  
  184  14:12  Marine, Marauder  
  184  14:13  Marine  
  142  14:17  Marauder  
  142  14:19  Marine  
  142  14:20  Marauder  
  142  14:23  Siege Tank x2  
  132  14:30  Marine  
  132  14:31  Marine  
  133  14:34  Marauder  
  133  14:36  Command Center  
  133  14:37  Marine  
  139  14:38  Marauder  
  139  14:41  Viking x3, Marauder  
  147  14:47  Marine  
  147  14:49  Marine  
  149  14:55  Marine, Marauder  
  152  15:00  Marauder  
  152  15:02  Marine  
  152  15:04  Siege Tank x2  
  152  15:05  Marine  
  152  15:06  Factory Tech Lab x2  
  152  15:07  Marine  
  160  15:13  Marauder  
  163  15:17  Marauder  
  163  15:21  Marauder x2, Terran Infantry Armor Level 3  
  169  15:22  Neosteel Armor  
  169  15:23  Marine  
  169  15:24  Missile Turret  
  169  15:26  Missile Turret  
  169  15:27  Missile Turret  
  170  15:29  Marine  
  170  15:30  Missile Turret  
  170  15:31  Command Center  
  170  15:34  Siege Tank  
  170  15:35  Marauder, Siege Tank  
  179  15:36  Viking x3, Siege Tank x2  
  179  15:38  Marauder  
  179  15:40  SCV x2  
  179  15:41  Marine  
  179  15:42  Marine, Marauder  
  199  15:48  Orbital Command  
  199  15:52  Marine, Sensor Tower  
  200  16:01  Missile Turret  
  200  16:02  Refinery  
  173  16:05  Marine x2  
  173  16:06  Marauder  
  173  16:07  Marine, Marauder  
  173  16:08  Siege Tank  
  173  16:10  Marine  
  154  16:23  Marauder  
  154  16:24  Marine  
  154  16:25  Marauder  
  159  16:26  Marine  
  159  16:29  Marauder  
  156  16:34  Marine  
  155  16:41  Marine  
  155  16:43  Siege Tank  
  155  16:45  Marauder x2  
  155  16:46  Marine  
  158  16:47  Refinery  
  158  16:48  Refinery  
  158  16:50  Marauder  
  158  16:52  Marine  
  160  16:59  Marine  
  160  17:01  Siege Tank x2  
  167  17:04  Marauder  
  167  17:06  Marine, Marauder  
  164  17:09  Marine  
  164  17:11  Marauder  
  161  17:17  Marine  
  153  17:23  Marine  
  153  17:26  Marauder  
  153  17:27  Marine x2  
  151  17:31  Siege Tank  
  151  17:33  Marauder  
  151  17:35  Marine  
  148  17:41  SCV  
  148  17:42  Marauder  
  148  17:43  Refinery  
  148  17:44  Refinery  
  150  17:45  Marine x2  
  150  17:46  Medivac x3  
  150  17:47  Marauder  
  150  17:48  SCV  
  160  17:53  Marine  
  160  17:54  Marauder  
  153  18:02  Siege Tank  
  153  18:03  Marine x2, Marauder  
  160  18:09  Marauder  
  160  18:10  Planetary Fortress, Marine  
  163  18:16  Marauder  
  163  18:18  Viking x3, Barracks  
  173  18:20  Marine  
  173  18:21  Barracks, Marine  
  173  18:24  Marine  
  173  18:25  Command Center  
  170  18:28  Marine  
  170  18:29  Marine  
  169  18:36  Marine  
  169  18:37  Viking  
  169  18:38  Marine  
  169  18:39  Marine  
  174  18:42  Marauder  
  174  18:46  Marine  
  174  18:47  Marine  
  174  18:48  Viking x2, Barracks  
  182  18:51  Barracks  
  182  18:54  Marine  
  149  18:56  Marine  
  149  18:57  Marauder  
  139  19:03  Siege Tank x2  
  139  19:04  Marauder, Marine, Siege Tank x2  
  139  19:06  Marauder  
  153  19:10  Command Center  
  153  19:12  Viking x2, Marine  
  153  19:14  Marine  
  153  19:15  Terran Ship Weapons Level 2  
  159  19:17  Marine, Terran Vehicle And Ship Armor Level 2  
  159  19:18  Viking  
  159  19:20  Barracks Reactor  
  159  19:21  Barracks Reactor  
  159  19:22  Marine  
  163  19:24  Marine  
  163  19:26  Marine  
  163  19:30  Marine  
  166  19:32  Marine  
  166  19:34  Refinery  
  166  19:35  Marine  
  166  19:36  Refinery  
  165  19:39  Marine  
  165  19:42  Marine  
  165  19:44  Marine  
  163  19:48  Marine  
  163  19:50  Marine  
  154  19:54  Marauder  
  154  19:57  Marine  
  157  20:00  Marine  
  157  20:01  Viking x4, Marauder  
  157  20:02  Marine, Siege Tank x4  
  157  20:05  Marine  
  182  20:08  Marine  
  182  20:13  Marine  
  182  20:14  Marine  
  185  20:15  Marine, Marauder  
  185  20:17  Planetary Fortress  
  185  20:20  Marauder  
  190  20:22  Marauder  
  190  20:23  Marine  
  193  20:36  Marine, Marauder  
  193  20:37  Viking x2  
  193  20:42  Marauder x2  
  196  20:43  Marauder  
  196  20:45  Siege Tank  
  196  20:46  Siege Tank x3  
  189  20:50  Marine x3  
  189  20:51  Marine x2  
  189  20:54  Marine  
  191  20:58  Marauder  
  191  21:03  Marauder x2  
  180  21:04  Marine  
  166  21:16  Marine x2  
  166  21:17  Marine x4  
  166  21:18  Siege Tank x3  
  152  21:19  Viking x2, Marauder  
  152  21:23  Marauder  
  152  21:24  Marine x2  
  149  21:34  Marine x4  
  149  21:35  Marine x2  
  146  21:41  Marauder  
  146  21:42  Marine x2  
  146  21:43  Marine  
  151  21:50  Siege Tank x2  
  151  21:52  Marine x5  
  157  21:54  Marine  
  157  22:00  Marauder x2  
  126  22:02  Marauder x2  
  110  22:10  Marine x4  
  110  22:21  Marauder x2  
  109  22:23  Orbital Command, Marauder x2  
  109  22:25  Siege Tank  
  109  22:28  Marine x2  
  110  22:38  Marine  
  110  22:40  Siege Tank  
  110  22:41  Orbital Command  
  110  22:43  Marauder x2  
  110  22:44  Marine  
  110  22:45  Marine, Marauder  
  110  22:46  Marine  
  114  22:52  Marine x2  
  114  22:56  Marine  
  114  22:58  Siege Tank  
  120  23:02  Marauder  
  120  23:03  Marine  
  120  23:04  Marine, Marauder  
  128  23:06  Marine  
  128  23:09  Marine  
  128  23:10  Marine  
  110  23:21  Marine, Siege Tank x2  
  110  23:22  Marine  
  110  23:23  Marine  
  110  23:26  Marauder  
  119  23:27  Marine x2  
  112  23:39  Marine x2  
  113  23:42  Marauder  
  113  23:45  Marine x2  
  113  23:46  Marine  
  121  23:48  Siege Tank  
  121  23:53  Siege Tank x2  
  121  23:54  SCV  
  126  24:01  Marine x2  
  126  24:03  Marauder  
  126  24:06  SCV  
  122  24:18  SCV  
  101  24:24  Marine  
  101  24:25  Marine  
  101  24:26  Marine  
  101  24:30  SCV  
Show
View Real Time Build Order
Export as new Build Order

TerranYOUup Terran - Winner!

Build Orders: 2 Factory, Cyclone Opening, Mech 

Get SALT Encoding   

  12  0:00  SCV  
  13  0:14  SCV  
  14  0:17  Supply Depot  
  14  0:26  SCV  
  15  0:29  Refinery  
  15  0:39  SCV  
  16  0:45  Barracks  
  16  0:51  SCV  
  17  0:57  Refinery  
  17  1:03  SCV  
  18  1:15  SCV  
  19  1:27  SCV  
  20  1:33  Factory  
  20  1:39  Orbital Command  
  20  1:49  Factory  
  20  1:53  Barracks Tech Lab  
  20  2:02  Supply Depot  
  20  2:07  SCV  
  21  2:18  Barracks Tech Lab  
  21  2:19  SCV  
  22  2:24  Cyclone  
  25  2:32  Supply Depot  
  25  2:35  SCV  
  26  2:42  Cyclone  
  29  2:56  Cyclone  
  32  3:12  Command Center  
  32  3:23  SCV  
  33  3:49  Cyclone x2  
  33  3:54  Command Center  
  36  4:17  SCV  
  34  4:21  Cyclone x2  
  37  4:25  Orbital Command  
  37  4:29  Refinery  
  37  4:34  SCV  
  38  4:49  SCV  
  39  4:54  Cyclone x2  
  39  4:59  SCV  
  46  5:01  SCV  
  46  5:06  SCV  
  48  5:11  SCV  
  48  5:13  SCV  
  50  5:18  SCV  
  46  5:33  SCV x2  
  49  5:40  Orbital Command  
  48  5:50  Siege Tank x2  
  54  5:57  Refinery  
  45  6:15  Starport  
  45  6:16  Starport  
  45  6:18  SCV x3  
  48  6:33  SCV x3  
  48  6:38  Supply Depot x2  
  48  6:39  Siege Tank x2  
  57  6:45  SCV x3  
  60  6:51  Starport Reactor  
  60  6:52  Starport Reactor  
  60  6:57  SCV x3  
  63  7:09  SCV x3  
  66  7:21  SCV x2  
  66  7:22  SCV  
  63  7:30  Viking x2  
  63  7:31  Viking x2  
  71  7:42  Factory  
  71  7:43  Factory x2  
  71  7:47  SCV  
  71  7:48  SCV  
  73  7:52  Orbital Command  
  79  8:12  Siege Tank x2  
  79  8:13  Viking  
  79  8:14  SCV x2  
  83  8:21  Refinery  
  83  8:23  Refinery  
  83  8:26  SCV x2  
  85  8:37  Supply Depot  
  85  8:39  Supply Depot x2  
  85  8:42  Viking x3, SCV x3  
  94  8:49  Factory Reactor  
  94  8:50  Factory Reactor  
  94  8:51  Factory Reactor  
  94  8:54  Hellion x2, SCV x3  
  101  9:00  Factory  
  101  9:11  Engineering Bay  
  101  9:13  SCV  
  101  9:14  SCV x2  
  104  9:32  SCV x3  
  107  9:45  Siege Tank x2  
  108  9:46  Hellion x6  
  108  9:51  Factory Tech Lab  
  120  9:54  Armory  
  120  9:56  Armory  
  120  9:57  SCV x3  
  123  10:07  Sensor Tower  
  123  10:09  Supply Depot  
  123  10:10  Supply Depot  
  123  10:11  Supply Depot  
  123  10:12  Supply Depot  
  123  10:19  Hellion  
  125  10:25  Command Center  
  125  10:30  Viking x2, Hellion x2  
  125  10:31  Viking x2  
  125  10:32  Hellion x2  
  125  10:33  Hellion  
  143  10:38  Missile Turret  
  143  10:40  Missile Turret  
  143  10:44  Missile Turret  
  143  10:48  Siege Tank x3  
  152  10:50  Hellion  
  154  10:57  Supply Depot  
  154  10:58  Supply Depot  
  154  11:01  Supply Depot  
  154  11:05  Missile Turret  
  155  11:11  SCV x3  
  155  11:18  Infernal Pre-Igniter  
  157  11:19  Hellion x4, Smart Servos  
  157  11:20  Hellion x2  
  157  11:23  SCV  
  157  11:24  Terran Vehicle Weapons Level 1  
  157  11:25  Terran Vehicle And Ship Armor Level 1  
  168  11:31  Supply Depot  
  168  11:32  Supply Depot  
  168  11:33  Supply Depot  
  168  11:55  Siege Tank x2  
  168  11:56  Siege Tank  
  168  11:57  Hellion x6  
  189  12:11  Missile Turret  
  189  12:12  Missile Turret  
  189  12:15  Planetary Fortress, Sensor Tower  
  189  12:18  Hellion x4  
  189  12:19  Hellion  
  199  12:25  Command Center  
  199  12:29  Command Center  
  188  12:50  Siege Tank x3  
  170  12:51  Hellion x4  
  170  12:52  Hellion x2, Viking x2  
  159  13:07  SCV x4  
  159  13:10  Refinery  
  159  13:11  Refinery  
  163  13:18  Hellion x4  
  163  13:19  Hellion x2  
  175  13:20  Viking  
  175  13:22  Siege Tank x2  
  175  13:23  Siege Tank  
  186  13:27  SCV x3  
  189  13:38  Terran Vehicle Weapons Level 2, Terran Vehicle And Ship Armor Level 2  
  189  13:48  Hellion x5  
  173  14:16  Siege Tank x3  
  173  14:17  Hellion x6  
  165  14:34  Viking x3  
  165  14:38  Hellion x4  
  177  14:39  Hellion x2  
  183  14:48  Siege Tank x3  
  188  15:05  Viking x4  
  188  15:06  SCV x2  
  196  15:09  Planetary Fortress  
  196  15:11  Orbital Command  
  180  15:24  SCV x4  
  184  15:35  Viking x4  
  184  15:36  SCV  
  187  15:46  Refinery x2  
  187  15:48  Command Center, Missile Turret  
  187  15:49  Hellion x4  
  199  15:50  Hellion x2  
  199  15:52  Missile Turret  
  183  16:05  Terran Vehicle And Ship Armor Level 3  
  177  16:26  Orbital Command  
  177  16:27  Siege Tank  
  177  16:28  Hellion x2, Siege Tank x2  
  177  16:29  Hellion x3  
  192  16:38  Hellion  
  192  16:39  Hellion x9  
  182  16:42  Hellion  
  184  16:50  Hellion x4  
  184  16:53  Hellion  
  194  17:00  Siege Tank x2  
  198  17:03  Hellion  
  184  17:11  Hellion x3  
  184  17:12  Hellion  
  186  17:25  Siege Tank  
  186  17:26  Hellion x2  
  186  17:27  Viking x4  
  193  17:32  Hellion x2, Siege Tank x2  
  193  17:33  Hellion x2  
  185  17:47  Hellion x2  
  189  17:54  Hellion x4  
  189  17:57  Siege Tank  
  200  17:59  Viking x3  
  200  18:04  Siege Tank  
  200  18:09  Planetary Fortress  
  200  18:14  Missile Turret  
  200  18:15  Missile Turret  
  200  18:17  Missile Turret  
  198  18:29  Siege Tank  
  170  18:36  Siege Tank  
  170  18:37  Command Center  
  170  18:40  Siege Tank  
  170  18:41  Hellion x4  
  182  18:42  Command Center  
  182  18:45  Command Center  
  149  18:58  Hellion x2  
  149  19:00  Viking x4  
  149  19:01  Siege Tank  
  149  19:02  Hellion x2  
  157  19:08  Siege Tank  
  160  19:12  Siege Tank, Terran Vehicle Weapons Level 3  
  163  19:25  Hellion x5  
  163  19:26  Hellion  
  163  19:29  Viking  
  163  19:31  Viking x3  
  181  19:33  Siege Tank  
  186  19:40  Siege Tank  
  186  19:44  Siege Tank  
  167  19:55  Hellion x3  
  167  19:59  Viking  
  164  20:01  Viking x3  
  164  20:02  SCV x3  
  164  20:06  Siege Tank  
  173  20:12  Siege Tank  
  174  20:16  Siege Tank  
  174  20:18  Hellion x3  
  174  20:19  Hellion x2  
  180  20:29  Viking  
  182  20:38  Siege Tank  
  182  20:40  Hellion x3  
  185  20:44  Siege Tank  
  185  20:48  Siege Tank  
  185  20:49  Hellion x3  
  187  21:01  Hellion x3  
  187  21:03  Viking x2  
  187  21:04  Viking  
  195  21:10  Hellion, Siege Tank  
  195  21:11  Viking  
  177  21:16  Siege Tank  
  172  21:20  Hellion x2  
  172  21:21  Siege Tank  
  173  21:33  Viking x2  
  173  21:34  Viking  
  173  21:39  Hellion  
  173  21:41  Viking  
  173  21:42  Siege Tank  
  172  21:48  Siege Tank  
  172  22:00  Siege Tank  
  172  22:01  Hellion x5  
  171  22:02  SCV  
  171  22:03  Viking x2  
  171  22:06  Refinery  
  169  22:10  Refinery  
  169  22:14  Siege Tank  
  170  22:20  Siege Tank  
  173  22:35  Hellion x4  
  173  22:36  Hellion x3  
  172  22:57  Viking x3, Siege Tank x2  
  172  22:58  Hellion x2, Siege Tank  
  174  23:13  Hellion x2  
  174  23:14  Hellion x2  
  174  23:15  SCV x2  
  181  23:29  Planetary Fortress, Siege Tank  
  181  23:30  Siege Tank x2  
  188  23:49  Hellion x2  
  188  23:50  Hellion x3  
  183  24:20  Hellion x4  
Tags
 
Add a new tag
Caveats
  • Supply blocks, unpowered buildings, or Contaminate may cause inaccurate times.
  • Supply counts are checked every 10 seconds.